 Dungeon Crawl Stone Soup version 0.26.0-10-g1f06aea511 (webtiles) character file.

Game seed: 11035705022868112690

184 Borgoz the Slasher (level 5, -1/45 HPs)
             Began as a Ghoul Gladiator on Jan 30, 2021.
             Was an Initiate of Dithmenos.
             Slain by an orc (4 damage)
             ... while paralysed
             ... on level 4 of the Dungeon.
             The game lasted 00:07:17 (3999 turns).

Borgoz the Slasher (Ghoul Gladiator)                Turns: 3999, Time: 00:07:18

Health: -1/45      AC:  5    Str: 16 (18) XL:     5   Next: 64%
Magic:  4/4        EV:  2    Int: -1 (3)  God:    Dithmenos [......]
Gold:   157        SH:  0    Dex:  9 (11) Spells: 4/4 levels left

rFire    . . .     SeeInvis .   b - +1 dagger (drain)
rCold    + . .     Faith    .   (no shield)
rNeg     + + +     Spirit   .   i - +0 leather armour
rPois    ∞         Reflect  .   j - +2 hat
rElec    .         Harm     .   (no cloak)
rCorr    .         Rampage  .   (no gloves)
Will     .....                  (no boots)
Stlth    +.........             (no amulet)
HPRegen  0.00/turn              (no ring)
MPRegen  0.09/turn              (no ring)

@: paralysed, slowed, lost intelligence
A: claws 1, cold resistance 1, negative energy resistance 3, inhibited
regeneration, torment resistance, unbreathing
a: Renounce Religion


You were on level 4 of the Dungeon.
You worshipped Dithmenos.
Dithmenos was noncommittal.
You visited 2 branches of the dungeon, and saw 5 of its levels.

You collected 157 gold pieces.

Inventory:

Hand Weapons
 a - a +0 long sword
 b - a +1 dagger of draining (weapon)
 g - a +1 dagger of venom
Missiles
 d - 3 throwing nets (quivered)
Armour
 i - a +0 leather armour (worn)
 j - a +2 hat (worn)
Scrolls
 c - 3 scrolls of remove curse {unknown}
 e - 4 scrolls of magic mapping
 h - a scroll of enchant armour
 k - 2 scrolls of teleportation
 m - a scroll of amnesia {unknown}
 q - a scroll of immolation {unknown}
 t - a scroll of random uselessness {unknown}
 u - a scroll of noise {unknown}
Potions
 f - a potion of flight
 l - a potion of lignification {unknown}
 n - a potion of mutation
 p - a potion of attraction {unknown}
 s - a potion of heal wounds {unknown}


   Skills:
 + Level 3.3 Fighting
 * Level 3.8 Long Blades
 - Level 2.4 Throwing
 * Level 1.0 Armour
 * Level 3.7 Dodging
 + Level 0.0 Stealth
 + Level 0.0 Invocations


You had 4 spell levels left.
You didn't know any spells.
Your spell library was empty.

Dungeon Overview and Level Annotations

Branches:
Dungeon (4/15)             Temple (1/1) D:4

Altars:
Ashenzari
Cheibriados
Dithmenos
Elyvilon
Gozag
Hepliaklqana
Kikubaaqudgha
Makhleb
Nemelex Xobeh
Qazlal
Ru
Vehumet
Wu Jian
Xom
The Shining One

Annotations:
D:4 3 runed translucent doors


Innate Abilities, Weirdness & Mutations

You thrive by killing the living.
You are immune to poison.
You have sharp fingernails.
Your flesh is cold resistant. (rC+)
You are immune to negative energy. (rN+++)
You do not regenerate when monsters are visible.
You are immune to unholy pain and torment.
You can survive without breathing.


Message History

The orc priest hits you but does no damage.
The orc hits you but does no damage. The orc hits you.
* * * LOW HITPOINT WARNING * * *
It was a potion of mutation.
You feel extremely strange.
Your body decomposes!
You feel dopey.
You have lost your intelligence.
Your body decomposes!
You feel dopey.
The orc priest casts a cantrip, but nothing happens.
The orc hits you but does no damage. x2
The orc priest hits you with a +0 short sword.
* * * LOW HITPOINT WARNING * * *
The orc hits you but does no damage. The orc hits you.
* * * LOW HITPOINT WARNING * * *
The orc priest looks satisfied for a moment.
The orc hits you but does no damage. The orc hits you.
* * * LOW HITPOINT WARNING * * *
The orc priest hits you but does no damage.
The orc hits you.
You die...

.. +...#.....#...#
#.[.###..>..###.##
#... #...).#....##
#.................#
........###.......#
.......#........#
....#. #.......## #
....##...####'##....
##. ......o@........
......oo........
...........$?...
................
...........#####
...........#
..######+### ..


You could see an orc priest (drained) and 2 orcs.

Vanquished Creatures
  An iguana (D:4)
  2 orc wizards
  3 adders
  An ooze (D:2)
  A worm (D:2)
  A dart slug (D:3)
  3 leopard geckos
  15 orcs
  A ball python (D:3)
  A giant cockroach (D:1)
  8 goblins
  7 hobgoblins
  2 jackals (D:3)
  7 kobolds
  A quokka (D:3)
  7 bats
  4 frilled lizards
  2 rats
67 creatures vanquished.

Notes
Turn   | Place    | Note
-------+----------+-------------------------------------------
     0 | D:1      | Borgoz the Ghoul Gladiator began the quest for the Orb.
     0 | D:1      | Reached XP level 1. HP: 17/17 MP: 0/0
   409 | D:1      | Reached XP level 2. HP: 21/25 MP: 1/1
   633 | D:1      | You fall into a shaft and drop 1 floor!
   644 | D:2      | Reached XP level 3. HP: 30/30 MP: 2/2
   665 | D:2      | Reached XP level 4. HP: 13/37 MP: 3/3
  2455 | D:3      | Reached XP level 5. HP: 43/45 MP: 4/4
  3496 | D:4      | Reached skill level 1 in Armour
  3658 | D:4      | Found a runed translucent gate.
  3659 | D:4      | Found a runed translucent gate.
  3660 | D:4      | Found a runed translucent gate.
  3662 | D:4      | Found a staircase to the Ecumenical Temple.
  3704 | Temple   | Entered the Ecumenical Temple
  3931 | Temple   | Became a worshipper of Dithmenos the Shadowed
  3996 | D:4      | Lost intelligence.
  3999 | D:4      | Slain by an orc

Illustrated notes

Levels and vault maps discovered:
D:1:      ncdulo_wetmaze, layout_basic
D:2:      layout_rooms
D:3:      layout_basic
D:4:      layout_gridville, minmay_temple_entry_tees, gammafunk_ghost_cemetery
Temple:   regret_index_temple_generic_petals

Skill      XL: |  1  2  3  4  5 |
---------------+----------------+-----
Throwing       | 2 |  2.4
Long Blades    | 3 |  3.8
Dodging        | 3 |  3.7
Fighting       | 3 |  3.3
Armour         | 1 |  1.0

Action                   |  1- 3 |  4- 6 || total
-------------------------+-------+-------++-------
Melee: Long sword        |    59 |    49 ||   108
       Dagger            |       |   152 ||   152
Throw: Throwing net      |       |     2 ||     2
  Use: Scroll            |       |     4 ||     4
       Potion            |       |     4 ||     4
 Stab: Held in net/web   |       |     3 ||     3
Armor: Leather armour    |    17 |    50 ||    67
Dodge: Dodged            |    35 |   131 ||   166
       Rpst.: Long sword |     9 |    11 ||    20
